 Dungeon Crawl Stone Soup version 0.28-a0-1002-gf00fe891ef (webtiles) character file.

Game seed: 13992452677802051887

276910 Crownlay the Metallomancer (level 20, -1/116 HPs)
             Began as a Gargoyle Earth Elementalist on Dec 4, 2021.
             Was the Champion of Vehumet.
             Slain by an enormous slime creature (51 damage)
             ... on level 4 of the Pits of Slime on Dec 6, 2021.
             The game lasted 02:26:14 (54083 turns).

Crownlay the Metallomancer (GrEE)                  Turns: 54083, Time: 02:26:14

Health: -1/116     AC: 23    Str: 15    XL:     20   Next: 38%
Magic:  30/39      EV: 12    Int: 27    God:    Vehumet [******]
Gold:   2340       SH: 10    Dex: 16    Spells: 18/58 levels left

rFire   . . .      SeeInvis .   O - staff of conjuration
rCold   + . .      Faith    .   F - +0 buckler
rNeg    + . .      Spirit   .   y - +3 steam dragon scales
rPois   ∞          Reflect  +   X - +2 helmet {Int+3}
rElec   +          Harm     .   s - +0 cloak of Luecw {rElec Int+2}
rCorr   .          Rampage  .   G - +2 pair of gloves "Xus Ipn" {+Blink}
Will    +....                   a - +0 pair of boots
Stlth   ++........              u - amulet of reflection
HPRegen 0.00/turn               w - ring "Nong" {rC+ Dex+6}
MPRegen 0.26/turn               c - ring of wizardry

@: corroded, flying, inhibited regen
A: sickness immunity, AC +15, big wings, negative energy resistance 1,
electricity resistance, torment resistance 1, petrification resistance, talons
1, frail 1, low mp 1, inhibited regeneration
}: 2/15 runes: serpentine, barnacled
a: Renounce Religion, Evoke Blink


You were on level 4 of the Pits of Slime.
You worshipped Vehumet.
Vehumet was exalted by your worship.
You visited 7 branches of the dungeon, and saw 36 of its levels.
You also visited: Trove, Ossuary and Bailey.

You collected 3852 gold pieces.
You spent 1512 gold pieces at shops.

Inventory:

Missiles
 M - 465 stones
Armour
 a - a +0 pair of boots (worn)
 s - the +0 cloak of Luecw (worn) {rElec Int+2}
   (You found it on level 6 of the Lair of Beasts)

   Int:       It affects your intelligence (+2).
   rElec:     It insulates you from electricity.
 y - +3 steam dragon scales (worn)
 F - a +0 buckler (worn)
 G - the +2 pair of gloves "Xus Ipn" (worn) {+Blink}
   (You found it in a treasure trove)

   +Blink:    It lets you blink.
 X - a +2 helmet of intelligence (worn)
Magical Staves
 g - a staff of fire
 O - a staff of conjuration (weapon)
Jewellery
 c - a ring of wizardry (right hand)
 f - a ring of protection from cold
 u - an amulet of reflection (around neck)
 w - the ring "Nong" (left hand) {rC+ Dex+6}
   (You found it in a treasure trove)

   [ring of dexterity]

   Dex:       It affects your dexterity (+6).
   rC:        It protects you from cold.
 K - the ring "Kapnos" {Will+ Dex+3 Stlth+}
   (You found it in a treasure trove)

   [ring of willpower]

   Dex:       It affects your dexterity (+3).
   Will:      It increases your willpower.
   Stlth:     It makes you more stealthy.
 L - a ring of fire
Wands
 b - a wand of flame (15)
 j - a wand of charming (7)
 n - a wand of mindburst (21)
 C - a wand of acid (12)
 I - a wand of iceblast (13)
 S - a wand of digging (16)
 T - a wand of polymorph (3)
 Y - a wand of paralysis (15)
Scrolls
 i - 6 scrolls of magic mapping
 l - 10 scrolls of teleportation
 m - 7 scrolls of fog
 q - 5 scrolls of amnesia
 r - 6 scrolls of blinking
 t - 4 scrolls of fear
 v - 3 scrolls of holy word
 x - a scroll of silence
 A - 4 scrolls of vulnerability
 D - a scroll of brand weapon
 E - a scroll of enchant armour
 H - 6 scrolls of identify
 V - 3 scrolls of summoning
Potions
 d - 2 potions of invisibility
 e - 4 potions of magic
 h - 3 potions of cancellation
 k - 3 potions of heal wounds
 o - 3 potions of attraction
 p - 11 potions of curing
 z - 5 potions of mutation
 B - 7 potions of lignification
 J - 7 potions of haste
 N - 8 potions of brilliance
 P - 4 potions of might
 Q - a potion of berserk rage
 U - 4 potions of resistance
 Z - 2 potions of ambrosia
Miscellaneous
 R - a phantom mirror


   Skills:
 - Level 15.0 Fighting
 - Level 1.5 Dodging
 - Level 2.1 Stealth
 - Level 4.0 Shields
 + Level 19.9 Spellcasting
 - Level 14.0 Conjurations
 - Level 8.0 Summonings
 - Level 0.7 Transmutations
 - Level 23.1 Earth Magic


You had 18 spell levels left.
You knew the following spells:

 Your Spells              Type           Power      Damage    Failure   Level
a - Sandblast             Erth           100%       2d20      0%          1
b - Stone Arrow           Conj/Erth      100%       3d13      0%          3
c - Orb of Destruction    Conj           50%        9d15      1%          7
d - Spellforged Servitor  Conj/Summ      46%        N/A       1%          7
e - Lee's Rapid Deconstr  Erth           50%        3d25*     0%          5
f - Lehudib's Crystal Sp  Conj/Erth      56%        10d13     1%          8
g - Shatter               Erth           50%        3d38*     1%          9

Your spell library contained the following spells:

 Spells                   Type           Power      Damage    Failure   Level
 Chain Lightning          Conj/Air       38%        3d51      99%         9
 Fire Storm               Conj/Fire      38%        8d10      99%         9
 Polar Vortex             Ice            13%        N/A       100%        9
 Magic Dart               Conj           100%       1d8       0%          1
 Passwall                 Tmut/Erth      61%        N/A       0%          2
 Searing Ray              Conj           100%       2d8       0%          2
 Foxfire                  Conj/Fire      100%       2x1d9     1%          1
 Freeze                   Ice            100%       1d11      1%          1
 Shock                    Conj/Air       100%       1d9       1%          1
 Call Imp                 Summ           63%        N/A       1%          2
 Ensorcelled Hibernation  Hex/Ice        52%        N/A       1%          2
 Static Discharge         Conj/Air       77%        N/A       1%          2
 Conjure Flame            Conj/Fire      77%        6-21      1%          3
 Dazzling Flash           Conj/Hex       100%       N/A       1%          3
 Frozen Ramparts          Ice            52%        1d7       1%          3
 Ignite Poison            Fire/Tmut/Pois 28%        N/A       1%          3
 Inner Flame              Hex/Fire       26%        N/A       1%          3
 Mephitic Cloud           Conj/Pois/Air  67%        N/A       1%          3
 Summon Guardian Golem    Hex/Summ       48%        N/A       1%          3
 Swiftness                Air            26%        N/A       1%          3
 Tukima's Dance           Hex            26%        N/A       1%          3
 Airstrike                Air            13%        N/A       1%          4
 Flame Wave               Conj/Fire      77%        2d11      1%          4
 Fulminant Prism          Conj/Hex       38%        3d18      1%          4
 Hailstorm                Conj/Ice       77%        3d16      1%          4
 Iskenderun's Mystic Bla  Conj/Tloc      77%        2d15      1%          4
 Leda's Liquefaction      Hex/Erth       36%        N/A       1%          4
 Petrify                  Tmut/Erth      74%        N/A       1%          4
 Sticky Flame             Conj/Fire      77%        2d9       1%          4
 Summon Ice Beast         Ice/Summ       48%        N/A       1%          4
 Borgnjor's Vile Clutch   Necr/Erth      36%        N/A       1%          5
 Freezing Cloud           Conj/Ice/Air   33%        6-21      1%          5
 Iron Shot                Conj/Erth      56%        9d11      1%          6
 Starburst                Conj/Fire      38%        6d11      1%          6
 Summon Mana Viper        Hex/Summ       48%        N/A       3%          5
 Animate Dead             Necr           13%        N/A       6%          4
 Cause Fear               Hex            13%        N/A       6%          4
 Dispel Undead            Necr           26%        3d13      6%          4
 Passage of Golubria      Tloc           26%        N/A       6%          4
 Metabolic Englaciation   Hex/Ice        13%        N/A       17%         5
 Silence                  Hex/Air        13%        N/A       17%         5
 Monstrous Menagerie      Summ           31%        N/A       21%         7
 Dispersal                Tloc           13%        N/A       65%         6
 Simulacrum               Ice/Necr       13%        N/A       65%         6
 Haunt                    Necr/Summ      24%        N/A       67%         7
 Summon Horrible Things   Summ           31%        N/A       80%         8
 Borgnjor's Revivificati  Necr           13%        N/A       100%        8
 Discord                  Hex            13%        N/A       100%        8
 Disjunction              Tloc           13%        N/A       100%        8
 Infestation              Necr           13%        N/A       100%        8
 Necromutation            Tmut/Necr      14%        N/A       100%        8
 Death's Door             Necr           13%        N/A       100%        9
 Statue Form              Tmut/Erth      Unusable   N/A       N/A         6

Dungeon Overview and Level Annotations

Branches:
Dungeon (15/15)            Temple (1/1) D:4            Lair (6/6) D:11
 Shoals (4/4) Lair:4        Snake (4/4) Lair:3        Slime (4/5) Lair:5
    Orc (2/2) D:11            Elf (0/3) Orc:2        Vaults (0/5) D:14
 Depths (0/4) D:15        Ossuary (visited)          Bailey (visited)

Altars:
Dithmenos
Elyvilon
Kikubaaqudgha
Nemelex Xobeh
Okawaru
Ru
Trog
Uskayaw
Vehumet
Xom
Zin
The Shining One

Shops:
D:5 =   Orc:2 *:=?[(*!*   Snake:3 ([   Snake:4 ::=

Annotations:
D:9 2 transporters, wakim's ghost, journeyman PaFi


Innate Abilities, Weirdness & Mutations

You are immune to sickness and miasma.
Your stone body is resilient. (AC +15)
You are immune to poison.
Your large and strong wings let you fly.
You resist negative energy. (rN+)
You are resistant to electric shocks. (rElec)
You are resistant to unholy torment.
You are immune to petrification.
You have sharp toenails.
You are frail. (-10% HP)
Your magical capacity is low. (-10% MP)
You do not regenerate when monsters are visible.


Message History

The slime creature is almost dead.
You kill the slime creature!
Vehumet accepts your kill.
You feel your power returning.
The slime creature is severely wounded.
The slime creature is heavily wounded. x2
Ka-crash!
The slime creature hits you but does no damage. x2
A slime creature comes into view.
The dungeon rumbles!
The enormous slime creature is severely wounded.
The slime creature is heavily wounded.
The slime creature is almost dead.
The slime creature is severely wounded.
The acid blob is heavily wounded.
You kill the slime creature!
Vehumet accepts your kill.
You feel your power returning.
You kill the slime creature!
Vehumet accepts your kill.
You feel your power returning.
The slime creature is severely wounded.
You kill the slime creature!
Vehumet accepts your kill.
You feel your power returning.
The slime creature is severely wounded. x2
The slime creature is moderately wounded.
The acid blob is moderately wounded.
Ka-crash!
The slime creature barely misses you. You block the slime creature's attack.
The slime creature hits you but does no damage.
The acid blob spits acid at you. The splash of acid hits you!
The acid corrodes you!
The slime creature hits you but does no damage.
The slime creature closely misses you. The acid blob spits acid at you.
The splash of acid hits you!! The acid corrodes you!
The slime creature hits you but does no damage.
The enormous slime creature hits you!!!
You die...

.............
...............
...............
...........#...
......>........
...............
......J...J.....
......J.J......J
.......@J.......
......J....JJ...
...........J...#
..............#
.............J.
...............
...............
...............


You could see 2 acid blobs, an enormous slime creature and 7 slime creatures.

Vanquished Creatures
  Nikola (Snake:4)
  4 acid blobs
  A sphinx (Shoals:4)
  2 krakens
  3 azure jellies
  A rockslime (Slime:2)
  4 nagarajas (Snake:4)
  An orc warlord (Orc:1)
  A quicksilver ooze (Slime:4)
  2 minotaurs (Shoals:4)
  2 merfolk impalers (Shoals:4)
  A great orb of eyes (Slime:2)
  19 naga warriors
  Erolcha (D:9)
  6 hydras
  2 salamander tyrants (Snake:3)
  3 boulder beetles
  10 anacondas
  2 merfolk aquamancers (Shoals:3)
  5 centaur warriors
  A death knight (D:9)
  8 two-headed ogres
  4 satyrs
  3 orc high priests (Orc:2)
  13 naga sharpshooters
  5 shock serpents
  Sonja (Lair:1)
  A skeletal warrior (D:15)
  A titan skeleton (D:15)
  A glowing orange brain (Slime:3)
  3 salamander mystics (Snake:3)
  8 sea snakes
  7 naga ritualists
  A wizard (D:12)
  2 deep elf pyromancers
  Pikel (D:8)
  5 phantasmal warriors
  5 orc knights
  3 fauns
  7 harpies
  12 mana vipers
  79 slime creatures
  A shining eye (Slime:3)
  6 ugly things
  15 salamanders
  A moth of wrath (shapeshifter) (D:14)
  A cyclops (shapeshifter) (D:14)
  7 cyclopes
  10 manticores
  6 centaur zombies
  2 nameless horrors (Lair:6)
  A moth of wrath (Snake:2)
  Maurice (D:8)
  An elephant (Lair:6)
  2 merfolk sirens
  33 black mambas
  6 guardian serpents
  15 naga magi
  A gargoyle (D:13)
  3 water nymphs (Shoals:4)
  7 cane toads
  2 demonic crawlers (D:13)
  13 komodo dragons
  A burning bush (Lair:4)
  A tengu conjurer (D:14)
  A wind drake (Shoals:4)
  12 merfolk
  A polar bear (shapeshifter) (D:14)
  4 polar bears (Lair:6)
  Prince Ribbit (D:8)
  A raiju (Lair:6)
  13 blink frogs
  3 trolls
  2 dream sheep
  2 snapping turtles
  2 spriggan skeletons (D:15)
  A vampire (D:10)
  A wyvern (D:11)
  17 yaks
  2 wraiths
  5 water elementals
  A yak (shapeshifter) (D:15)
  7 basilisks
  2 steam dragons
  A golden eye (Slime:1)
  6 vampire mosquitoes
  6 wargs
  3 acid dragons
  45 nagas
  2 hell hounds (Lair:6)
  9 water moccasins
  26 orc warriors
  2 ice beasts
  5 black bears
  A sky beast (D:7)
  A necrophage (D:5)
  7 ogres
  12 wolves
  15 centaurs
  2 kobold brigands (D:9)
  9 bullfrogs
  2 elf zombies (Ossuary)
  2 gnoll sergeants (D:9)
  2 water moccasin zombies
  7 scorpions
  A wyvern skeleton (D:7)
  14 killer bees
  11 wights
  6 electric eels
  5 howler monkeys
  2 lava snakes (Lair:5)
  A bullfrog zombie (D:6)
  3 hounds
  17 orc priests
  A human zombie (Ossuary)
  An iguana (D:6)
  4 jellies (D:13)
  2 bullfrog skeletons
  2 centaur skeletons
  6 hell rats
  11 orc wizards
  2 mummies (Ossuary)
  6 gnolls
  10 adders
  4 river rats (D:13)
  2 shadow imps
  2 white imps
  2 ufetubi (D:6)
  An adder skeleton (D:4)
  5 adder zombies (Ossuary)
  A worm (D:2)
  2 dart slugs (D:4)
  87 orcs
  17 endoplasms
  9 giant cockroaches
  9 goblins
  10 hobgoblins
  5 jackals (D:2)
  7 quokkas
  11 ball pythons
  9 bats
  3 frilled lizards
  3 goblin zombies (Ossuary)
  10 hobgoblin zombies (Ossuary)
  A jackal zombie (Ossuary)
  9 kobolds
  8 kobold zombies (Ossuary)
  7 orc zombies (Ossuary)
  14 rats
  5 tentacles
969 creatures vanquished.

Vanquished Creatures (collateral kills)
  2 acid blobs
  A sphinx (Shoals:4)
  The ghost of Domino the Severer, an adept MiBe of Trog (Snake:2)
  2 nagarajas (Snake:4)
  2 azure jellies
  3 rockslimes
  A quicksilver ooze (Slime:2)
  4 merfolk impalers
  2 great orbs of eyes
  2 naga warriors (Snake:2)
  3 hydras
  3 anacondas
  A merfolk avatar (Shoals:4)
  6 satyrs
  4 merfolk aquamancers
  A catoblepas (Lair:6)
  2 tengu warriors
  2 orc high priests (Orc:2)
  2 naga sharpshooters (Snake:4)
  6 sea snakes
  A skeletal warrior (D:15)
  A naga ritualist (Snake:3)
  A glowing orange brain (Slime:2)
  4 orc knights
  3 ugly things
  10 harpies
  3 mana vipers (Snake:1)
  A necromancer (D:15)
  6 salamanders
  An orc sorcerer (Orc:1)
  A frost giant zombie (D:15)
  3 manticores
  2 shining eyes
  11 fauns
  2 merfolk sirens (Shoals:4)
  5 black mambas
  5 elephants (Lair:6)
  7 water nymphs
  A cane toad (Lair:6)
  3 naga magi
  A komodo dragon (Lair:6)
  A spectral naga (Snake:4)
  A tengu conjurer (Shoals:2)
  A troll (Orc:2)
  13 merfolk
  5 wind drakes
  5 polar bears (Lair:6)
  A nameless horror (Lair:6)
  6 dream sheep (Lair:6)
  4 raiju (Lair:6)
  19 slime creatures
  3 blink frogs (Lair:4)
  5 snapping turtles
  15 water elementals
  6 yaks
  5 golden eyes (Slime:1)
  A basilisk (D:15)
  9 nagas
  4 wargs
  8 hell hounds (Lair:6)
  17 orc warriors
  A floating eye (Slime:4)
  7 black bears (Lair:6)
  2 ogres (Orc:1)
  2 centaurs (Shoals:3)
  8 wolves (Lair:6)
  A bullfrog (Lair:4)
  11 orc priests
  4 jellies (Lair:5)
  9 hell rats
  5 orc wizards
  17 orcs
  An endoplasm (Lair:5)
  3 tentacles (Shoals:3)
322 creatures vanquished.

Vanquished Creatures (others)
  A killer bee zombie (D:9)
  A bush (Lair:6)
  5 fungi
  69 plants
  21 tentacles
  3 withered plants (D:15)
100 creatures vanquished.

Grand Total: 1391 creatures vanquished

Notes
Turn   | Place    | Note
-------+----------+-------------------------------------------
     0 | D:1      | Crownlay the Gargoyle Earth Elementalist began the quest
                  | for the Orb.
     0 | D:1      | Reached XP level 1. HP: 10/10 MP: 3/3
   492 | D:1      | Reached XP level 2. HP: 15/15 MP: 5/5
   704 | D:1      | Reached skill level 4 in Earth Magic
  1135 | D:1      | Reached XP level 3. HP: 19/19 MP: 7/7
  1139 | D:1      | Learned a level 3 spell: Stone Arrow
  1441 | D:2      | Found a faded altar of an unknown god.
  2386 | D:2      | Reached XP level 4. HP: 22/24 MP: 9/9
  3109 | D:3      | Noticed a scorpion
  3116 | D:3      | Killed a scorpion
  3117 | D:3      | Reached XP level 5. HP: 19/28 MP: 2/11
  3391 | D:3      | Found a faded altar of an unknown god.
  3391 | D:3      | Found a glowing silver altar of Zin.
  3496 | D:3      | Found a faded altar of an unknown god.
  3498 | D:3      | Found a sacrificial altar of Ru.
  3499 | D:3      | Found a sparkling altar of Nemelex Xobeh.
  3502 | D:3      | Reached skill level 5 in Earth Magic
  4023 | D:4      | Reached XP level 6. HP: 18/32 MP: 5/13
  4034 | D:4      | Reached skill level 5 in Spellcasting
  4276 | D:4      | Found a staircase to the Ecumenical Temple.
  4297 | Temple   | Entered the Ecumenical Temple
  4338 | Temple   | Became a worshipper of Vehumet
  4827 | D:5      | Entered Level 5 of the Dungeon
  4842 | D:5      | Reached skill level 6 in Earth Magic
  4842 | D:5      | Reached XP level 7. HP: 36/36 MP: 10/15
  5424 | D:5      | Found Necum's Jewellery Emporium.
  5733 | D:5      | Reached skill level 1 in Summonings
  5733 | D:5      | Reached skill level 7 in Earth Magic
  5733 | D:5      | Reached XP level 8. HP: 34/41 MP: 5/18
  5923 | D:6      | Found a sand-covered staircase.
  5929 | Ossuary  | Entered an ossuary
  6087 | Ossuary  | Reached * piety under Vehumet
  6087 | Ossuary  | Offered knowledge of Magic Dart by Vehumet.
  6523 | D:6      | Reached skill level 8 in Earth Magic
  6617 | D:6      | Offered knowledge of Scorch by Vehumet.
  6618 | D:6      | Reached XP level 9. HP: 45/45 MP: 17/21
  6702 | D:6      | Reached ** piety under Vehumet
  7282 | D:7      | Reached skill level 1 in Shields
  7710 | D:7      | Offered knowledge of Ignite Poison by Vehumet.
  8674 | D:8      | Noticed Pikel
  8683 | D:8      | Killed Pikel
  8684 | D:8      | Reached skill level 9 in Earth Magic
  8970 | D:8      | Noticed Maurice
  8977 | D:8      | Killed Maurice
  8978 | D:8      | Reached XP level 10. HP: 50/50 MP: 4/23
  9192 | D:8      | Noticed Prince Ribbit
  9202 | D:8      | Killed Prince Ribbit
  9357 | D:8      | Reached *** piety under Vehumet
  9358 | D:8      | Reached skill level 5 in Summonings
  9447 | D:9      | Noticed Erolcha
  9452 | D:9      | Killed Erolcha
  9453 | D:9      | Reached skill level 10 in Spellcasting
  9460 | D:9      | Reached skill level 10 in Earth Magic
  9669 | D:9      | Noticed a two-headed ogre
  9720 | D:9      | Noticed a two-headed ogre
  9763 | D:9      | Killed a two-headed ogre
  9770 | D:9      | Killed a two-headed ogre
  9982 | D:9      | Offered knowledge of Frozen Ramparts by Vehumet.
 10045 | D:9      | Found a transporter.
 10046 | D:9      | Noticed wakim's ghost (journeyman PaFi)
 10048 | D:9      | Found a transporter.
 10061 | D:9      | Noticed a great orb of eyes
 10134 | D:9      | Found a shimmering altar of Xom.
 10139 | D:9      | Found a white marble altar of Elyvilon.
 10144 | D:9      | Found an ancient bone altar of Kikubaaqudgha.
 10147 | D:9      | Found an iron altar of Okawaru.
 10149 | D:9      | Found a bloodstained altar of Trog.
 10154 | D:9      | Found a hide-covered altar of Uskayaw.
 10233 | D:9      | Reached XP level 11. HP: 54/54 MP: 24/26
 10551 | D:9      | Noticed a death knight
 10563 | D:9      | Killed a death knight
 10564 | D:9      | Reached skill level 1 in Fighting
 10712 | D:9      | Noticed a cyclops
 10713 | D:9      | Noticed a cyclops
 10716 | D:9      | Killed a cyclops
 10724 | D:9      | Killed a cyclops
 10741 | D:9      | Noticed a centaur warrior
 10748 | D:9      | Killed a centaur warrior
 10794 | D:9      | Noticed a manticore
 10800 | D:9      | Killed a manticore
 10904 | D:9      | Noticed a manticore
 10908 | D:9      | Killed a manticore
 11114 | D:10     | Entered Level 10 of the Dungeon
 11131 | D:10     | Identified the +0 helmet "Ziwoegis" {Str+8 Slay+2}
 11430 | D:10     | Noticed a six-headed hydra
 11437 | D:10     | Killed a six-headed hydra
 11438 | D:10     | Reached skill level 5 in Fighting
 11883 | D:10     | Noticed a cyclops
 11891 | D:10     | Killed a cyclops
 12705 | D:11     | Noticed a manticore
 12710 | D:11     | Killed a manticore
 12783 | D:11     | Noticed a cyclops
 12788 | D:11     | Killed a cyclops
 12971 | D:11     | Reached XP level 12. HP: 52/71 MP: 6/29
 12977 | D:11     | Noticed a two-headed ogre
 12981 | D:11     | Killed a two-headed ogre
 12986 | D:11     | Noticed a two-headed ogre
 12990 | D:11     | Killed a two-headed ogre
 13243 | D:11     | Reached **** piety under Vehumet
 13311 | D:11     | Found a staircase to the Lair.
 13808 | D:11     | Found a staircase to the Orcish Mines.
 13832 | D:12     | Noticed a boulder beetle
 13924 | D:12     | Killed a boulder beetle
 14392 | D:12     | Offered knowledge of Iskenderun's Mystic Blast by Vehumet.
 14835 | D:12     | Noticed a two-headed ogre
 14839 | D:12     | Killed a two-headed ogre
 14880 | D:12     | Noticed a two-headed ogre
 14887 | D:12     | Killed a two-headed ogre
 15565 | D:13     | Noticed a centaur warrior
 15574 | D:13     | Killed a centaur warrior
 15575 | D:13     | Reached XP level 13. HP: 51/82 MP: 24/31
 15576 | D:13     | Reached skill level 10 in Fighting
 15594 | D:13     | Found a flagged portal.
 15710 | Bailey   | Entered a bailey
 15860 | Bailey   | Reached ***** piety under Vehumet
 15860 | Bailey   | Offered knowledge of Orb of Destruction by Vehumet.
 15895 | Bailey   | Learned a level 7 spell: Orb of Destruction
 15940 | Bailey   | Reached skill level 1 in Conjurations
 16261 | Bailey   | Reached skill level 11 in Earth Magic
 17186 | D:13     | Reached skill level 5 in Conjurations
 17450 | D:13     | Offered knowledge of Spellforged Servitor by Vehumet.
 17459 | D:13     | Learned a level 7 spell: Spellforged Servitor
 18465 | D:13     | Reached skill level 12 in Earth Magic
 18738 | D:13     | Acquired 408 gold pieces
 18740 | D:13     | Acquired the Disquisition on Earthen Ice
 18744 | D:13     | Upgraded the game from 0.28-a0-991-g956f0ee3d5 to
                  | 0.28-a0-998-gb9e9c7b67e
 18889 | Lair:1   | Entered Level 1 of the Lair of Beasts
 18889 | Lair:1   | Noticed Sonja
 18894 | Lair:1   | Killed Sonja
 18978 | Lair:1   | Learned a level 5 spell: Lee's Rapid Deconstruction
 20669 | Lair:2   | Got Sif Muna's Almanac of the Glacial Entourage
 21339 | Lair:3   | Reached skill level 10 in Conjurations
 21339 | Lair:3   | Gained mutation: Your large and strong wings let you fly.
                  | [Gargoyle growth]
 21339 | Lair:3   | Reached XP level 14. HP: 88/88 MP: 27/32
 21425 | Lair:3   | Found a staircase to the Snake Pit.
 22967 | Lair:4   | Found a staircase to the Shoals.
 23724 | Lair:5   | Offered knowledge of Yara's Violent Unravelling by Vehumet.
 23904 | Lair:5   | Found a staircase to the Slime Pits.
 24402 | Lair:5   | Learned a level 8 spell: Lehudib's Crystal Spear
 24490 | Lair:6   | Entered Level 6 of the Lair of Beasts
 25419 | Lair:6   | Identified the +0 cloak of Luecw {rElec Int+2}
 25859 | Lair:6   | Offered knowledge of Ozocubu's Refrigeration by Vehumet.
 25869 | Lair:6   | Reached skill level 13 in Earth Magic
 26252 | Lair:6   | Reached XP level 15. HP: 92/92 MP: 28/33
 26261 | Lair:6   | Reached skill level 14 in Earth Magic
 27499 | Orc:1    | Entered Level 1 of the Orcish Mines
 27708 | Orc:1    | Noticed an orc warlord
 27718 | Orc:1    | Killed an orc warlord
 28086 | Orc:2    | Entered Level 2 of the Orcish Mines
 28086 | Orc:2    | Found Kumm's Distillery.
 28091 | Orc:2    | Offered knowledge of Irradiate by Vehumet.
 28221 | Orc:2    | Bought a potion of resistance for 170 gold pieces
 28221 | Orc:2    | Bought a potion of magic for 136 gold pieces
 28221 | Orc:2    | Bought a potion of mutation for 136 gold pieces
 28333 | Orc:2    | Found Buuv's General Store.
 28341 | Orc:2    | Bought a scroll of identify for 32 gold pieces
 28370 | Orc:2    | Found Fimesmok's Assorted Antiques.
 28396 | Orc:2    | Reached skill level 15 in Earth Magic
 28602 | Orc:2    | Found Wexoh's Weapon Shop.
 28651 | Orc:2    | Found Toriw's Antique Armour Boutique.
 28677 | Orc:2    | Bought a pair of embroidered gloves for 142 gold pieces
 28726 | Orc:2    | Found a staircase to the Elven Halls.
 29222 | Orc:2    | Offered knowledge of Lightning Bolt by Vehumet.
 30142 | Orc:2    | Found Beuniss's Magic Scroll Emporium.
 30142 | Orc:2    | Found Ucolal's Jewellery Emporium.
 30143 | Orc:2    | Found Xaclap's Book Shoppe.
 30143 | Orc:2    | Found Vyheo's Assorted Antiques.
 30158 | Orc:2    | Bought a scroll of identify for 32 gold pieces
 30158 | Orc:2    | Bought a scroll of identify for 32 gold pieces
 30158 | Orc:2    | Bought a scroll of acquirement for 832 gold pieces
 30162 | Orc:2    | Acquired Sif Muna's Guide on Stones and Creation
 30178 | Orc:2    | Learned a level 9 spell: Shatter
 30446 | D:14     | Found a portal to a secret trove of treasure.
 30455 | D:14     | You paid a toll of 13 scrolls of teleportation to enter a
                  | treasure trove
 30456 | Trove    | Entered a treasure trove
 30503 | Trove    | Found the ring of the Hare {EV+8}
 30504 | Trove    | Identified the ring "Nong" {rC+ Dex+6}
 30508 | Trove    | Identified the ring "Kapnos" {Will+ Dex+3 Stlth+}
 30538 | Trove    | Identified the +2 pair of gloves "Xus Ipn" {+Blink}
 30539 | Trove    | Identified the +1 chain mail of Philately {-Cast Harm
                  | Dex+4}
 30890 | D:14     | Reached skill level 16 in Earth Magic
 31105 | D:14     | Found a gate to the Vaults.
 31545 | D:14     | Found a glowing silver altar of Zin.
 31547 | D:14     | Found a glowing golden altar of the Shining One.
 31659 | D:14     | Found a white marble altar of Elyvilon.
 31742 | D:15     | Entered Level 15 of the Dungeon
 31745 | D:15     | Found a shadowy altar of Dithmenos.
 32193 | D:15     | Found a staircase to the Depths.
 32210 | D:15     | Reached skill level 17 in Earth Magic
 32226 | D:15     | Reached skill level 15 in Spellcasting
 33242 | D:15     | Reached skill level 18 in Earth Magic
 33242 | D:15     | Reached XP level 16. HP: 97/97 MP: 35/35
 33549 | Shoals:1 | Entered Level 1 of the Shoals
 33597 | Shoals:1 | Reached XP level 17. HP: 89/102 MP: 36/36
 34156 | Shoals:1 | Offered knowledge of Conjure Ball Lightning by Vehumet.
 34157 | Shoals:1 | Reached skill level 19 in Earth Magic
 35212 | Shoals:2 | You are sucked into a shaft and drop 1 floor!
 36610 | Shoals:2 | Reached skill level 20 in Earth Magic
 37274 | Shoals:3 | Identified the +6 ring mail of the Original Sin {Str+6
                  | Int+3}
 37596 | Shoals:3 | Noticed a kraken
 37887 | Shoals:3 | Killed a kraken
 38203 | Shoals:4 | Entered Level 4 of the Shoals
 38803 | Shoals:4 | Reached skill level 21 in Earth Magic
 39202 | Shoals:4 | Noticed a sphinx
 39204 | Shoals:4 | Reached XP level 18. HP: 45/107 MP: 14/38
 39216 | Shoals:4 | HP: 2/107 [satyr/arrow (23)]
 39610 | Shoals:4 | Paralysed by a sphinx for 2 turns
 39625 | Shoals:4 | Reached ****** piety under Vehumet
 40017 | Shoals:4 | Found the +15 Maxwell's patent armour {-Cast -Tele rElec
                  | Will+ rCorr}
 40051 | Shoals:4 | Identified the +6 dagger of Balance {vorpal, rPois rF-
                  | Will+ Str+2}
 40178 | Shoals:4 | Upgraded the game from 0.28-a0-998-gb9e9c7b67e to
                  | 0.28-a0-1002-gf00fe891ef
 40245 | Shoals:4 | Got a barnacled rune of Zot
 40677 | Snake:1  | Entered Level 1 of the Snake Pit
 40680 | Snake:1  | Reached skill level 22 in Earth Magic
 41948 | Snake:1  | Identified the +6 glaive "Gatetyac" {drain, Stlth+}
 42420 | Snake:2  | Offered knowledge of Fire Storm by Vehumet.
 42420 | Snake:2  | Offered knowledge of Chain Lightning by Vehumet.
 42420 | Snake:2  | Offered knowledge of Polar Vortex by Vehumet.
 42424 | Snake:2  | Reached skill level 23 in Earth Magic
 43242 | Snake:2  | Found a transporter.
 43246 | Snake:2  | Found a bloodstained altar of Trog.
 43247 | Snake:2  | Found a transporter.
 43258 | Snake:2  | Noticed Domino's ghost (adept MiBe)
 43726 | Snake:2  | Killed Domino's ghost
 44343 | Snake:3  | Reached XP level 19. HP: 116/116 MP: 10/40
 45078 | Snake:3  | Found Paareomi's Weapon Shoppe.
 45082 | Snake:3  | Found Beem's Armour Shoppe.
 45880 | Snake:4  | Entered Level 4 of the Snake Pit
 47118 | Snake:4  | Found Datets's Book Boutique.
 47120 | Snake:4  | Found Donno's Jewellery Shoppe.
 47121 | Snake:4  | Found Pyrhuwoi's Book Boutique.
 47869 | Snake:4  | Noticed Nikola
 47953 | Snake:4  | Killed Nikola
 48698 | Snake:4  | Reached skill level 15 in Fighting
 48741 | Snake:4  | Got a serpentine rune of Zot
 50008 | Slime:1  | Entered Level 1 of the Pits of Slime
 50914 | Slime:2  | You are sucked into a shaft and drop 2 floors!
 50934 | Slime:3  | Reached XP level 20. HP: 98/129 MP: 8/42
 51059 | Slime:3  | Paralysed by a great orb of eyes for 2 turns
 51284 | Slime:3  | Gained mutation: You are frail. (-10% HP) [a shining eye]
 51287 | Slime:3  | Gained mutation: You do not regenerate when monsters are
                  | visible. [a shining eye]
 53682 | Slime:4  | Gained mutation: You have sharp toenails. [a shining eye]
 53683 | Slime:4  | Gained mutation: Your magical capacity is low. (-10% MP) [a
                  | shining eye]
 54083 | Slime:4  | Slain by an enormous slime creature

Illustrated notes

Levels and vault maps discovered:
D:1:      minmay_arrival_wavy_path, layout_loops_ring, minivault_14,
          minmay_misc_feat_four_crosses
D:2:      minmay_alternating_diamond, layout_loops_corners,
          hellmonk_ecumenical_altar_zigzags, eino_tiny_chamber,
          minmay_randomly_rotated_circles
D:3:      layout_basic, chequers_temple_overflow_minitemple
D:4:      layout_loops_cross, minmay_temple_entry_statues, serial_glass,
          glass_columns_a, glass_columns_a
D:5:      layout_gridville, serial_shops, nicolae_shop_hallway_plus
D:6:      layout_basic, serial_glass, glass_columns_c, glass_columns_a,
          nicolae_ossuary_entry_plus
D:7:      layout_loops_ring
D:8:      layout_loops_ring, uniq_pikel, uniq_maurice, uniq_prince_ribbit1
D:9:      minmay_chambers_of_sevens, layout_small_grid,
          nicolae_overflow_hallway_of_the_gods, gammafunk_ghost_arena,
          minivault_19, uniq_erolcha
D:10:     layout_loops_corners, minmay_misc_feat_square, solitary_fountain,
          lightli_minifort
D:11:     layout_rooms, erik_lair_dragon, orc_0_dummy
D:12:     layout_loops_cross
D:13:     layout_basic, enter_bailey_3, hangedman_parallel_progression
D:14:     layout_stronghold, david_vaults_2, nicolae_trove_entry_isolated,
          good_gods_mini_temple
D:15:     gammafunk_depths_entry_grave, layout_basic, lemuel_crystal_altar
Temple:   nicolae_temple_figure_eight
Lair:1:   layout_small_grid, grunt_megastairs_1, uniq_sonja
Lair:2:   layout_hall_layers, chequers_serial_rivers_small_a,
          chequers_serial_rivers_small_b
Lair:3:   layout_gridlike, guppyfry_snake_entry_garden, guppyfry_lair_drakes
Lair:4:   layout_cave_pods, shoals_dummy_entry, evilmike_ambush
          [evilmike_ambush_outer_basic, evilmike_ambush_inner_wall_2]
Lair:5:   layout_hall_layers, nicolae_slime_entry_slimehenge,
          nicolae_lair_liquid_snakes, lemuel_fruit_tree, serial_bayou_shore_a
Lair:6:   hangedman_lair_caniforms_friends, layout_small_grid,
          nicolae_lair_grazing_beasts [nicolae_sub_lair_graze_edge,
          nicolae_sub_lair_graze_edge, nicolae_sub_lair_graze_edge,
          nicolae_sub_lair_graze_edge]
Shoals:1: layout_shoals
Shoals:2: layout_shoals, kb_tengu_band
Shoals:3: layout_shoals
Shoals:4: shoals_end_hellmonk_lost_city
Snake:1:  layout_grid_maze
Snake:2:  layout_cave_town, gammafunk_ghost_wrathful_warriors,
          grunt_megastairs_4
Snake:3:  layout_cave_shapes, minmay_shop_star
Snake:4:  grunt_snake_rune_pools, layout_cave_pods,
          nicolae_snake_ghostly_warrior_ritual, minmay_shop_grove, uniq_nikola
Slime:1:  layout_caves
Slime:2:  layout_caves
Slime:3:  layout_caves, cheibrodos_slime_lost_civilization_7
Slime:4:  layout_caves
Orc:1:    layout_caves
Orc:2:    st_orc_pillars, layout_diamond_mine, serial_shops,
          nicolae_square_shop, nicolae_diamond_shop,
          nicolae_shop_bloodbath_and_beyond, shop,
          nicolae_shop_advertising_works [nicolae_subvault_shop_adworks]

Skill      XL: |  1  2  3  4  5  6  7  8  9 10 11 12 13 14 15 16 17 18 19 20 |
---------------+-------------------------------------------------------------+-----
Earth Magic    | 4 5 6 7 8 9 10 12 13 18 21 23 | 23.1
Spellcasting   | 3 4 5 7 8 9 11 13 14 15 16 17 18 19 | 19.9
Summonings     | 1 3 4 5 6 7 8 |  8.0
Shields        | 4 |  4.0
Fighting       | 6 9 10 11 15 | 15.0
Conjurations   | 10 14 | 14.0
Dodging        | |  1.5
Stealth        | |  2.1
Transmutations | |  0.7

Action                   |  1- 3 |  4- 6 |  7- 9 | 10-12 | 13-15 | 16-18 | 19-21 || total
-------------------------+-------+-------+-------+-------+-------+-------+-------++-------
Melee: Unarmed           |    12 |       |       |       |       |       |       ||    12
       Dagger            |   110 |   101 |     1 |     1 |   156 |       |       ||   369
       Long sword        |       |       |       |       |    45 |       |       ||    45
       Staff             |       |       |       |       |       |    27 |    14 ||    41
 Cast: Sandblast         |    10 |    28 |   120 |   212 |   122 |    26 |    95 ||   613
       Stone Arrow       |       |       |    65 |   138 |   499 |   220 |    68 ||   990
       Spellforged Servi |       |       |       |       |    42 |    59 |    27 ||   128
       Orb of Destructio |       |       |       |       |    19 |    12 |       ||    31
       Lee's Rapid Decon |       |       |       |       |    41 |    18 |     6 ||    65
       Lehudib's Crystal |       |       |       |       |     1 |     2 |     1 ||     4
       Shatter           |       |       |       |       |       |    47 |   151 ||   198
Evoke: Wand              |       |       |     5 |     9 |    28 |       |       ||    42
       Phantom mirror    |       |       |       |     1 |       |       |       ||     1
  Use: Scroll            |       |     4 |     2 |     6 |    25 |     8 |     2 ||    47
       Potion            |       |       |       |       |     3 |     2 |     1 ||     6
 Stab: Sleeping          |     2 |     7 |       |       |       |       |       ||     9
Armor: Robe              |    42 |    24 |    16 |       |       |       |       ||    82
       Steam dragon scal |       |       |    27 |    37 |   216 |   133 |    99 ||   512
Dodge: Dodged            |    85 |    65 |    53 |    56 |   203 |   114 |    74 ||   650
       Repelled          |       |       |     1 |       |     1 |       |       ||     2
Block: Other             |       |     1 |    25 |       |       |       |       ||    26
       Reflection        |       |       |     3 |     8 |    18 |    39 |    12 ||    80
       Buckler           |       |       |     1 |    65 |   262 |   140 |    77 ||   545

Table legend: (Time is in decaauts)
 A = Elapsed time spent in this place.
 B = Non-inter-level travel time spent in this place.
 C = Inter-level travel time spent in this place.
 D = Time resting spent in this place.
 E = Time spent auto-exploring this place.
 F = Levels seen in this place.
 G = Mean time per level.
                   A        B        C        D        E       F      G
               +--------+--------+--------+--------+--------+-----+--------+
         Total |  54159 |  51970 |   2189 |   3917 |  39948 |  39 | 1388.7 |
       Dungeon |  20511 |  19534 |    977 |    319 |  16895 |  15 | 1367.4 |
        Temple |     51 |     41 |     10 |      0 |     37 |   1 |   51.0 |
          Lair |   8819 |   8253 |    566 |    212 |   6903 |   6 | 1469.8 |
        Shoals |   7073 |   6913 |    160 |   1191 |   4325 |   4 | 1768.2 |
     Snake Pit |   9265 |   8953 |    312 |    800 |   6746 |   4 | 2316.2 |
    Slime Pits |   4085 |   3998 |     87 |   1034 |   2323 |   4 | 1021.2 |
  Orcish Mines |   2868 |   2793 |     75 |      0 |   2079 |   2 | 1434.0 |
         Trove |    138 |    138 |      0 |      0 |     17 |   1 |  138.0 |
       Ossuary |    569 |    569 |      0 |      0 |    458 |   1 |  569.0 |
        Bailey |    773 |    773 |      0 |    361 |    165 |   1 |  773.0 |
               +--------+--------+--------+--------+--------+-----+--------+

Top non-repeatable levels by time:
 Snake:4: 2804 daAuts
    D:13: 2522 daAuts
  Lair:6: 2518 daAuts
 Snake:3: 2281 daAuts
   Orc:2: 2197 daAuts
 Snake:2: 2133 daAuts
 Slime:1: 2070 daAuts
Shoals:4: 2059 daAuts
 Snake:1: 2045 daAuts
Shoals:3: 1967 daAuts
     D:2: 1736 daAuts
    D:12: 1701 daAuts
Shoals:1: 1668 daAuts
     D:9: 1666 daAuts
    D:11: 1610 daAuts
